 Dungeon Crawl Stone Soup version 0.31.0-32-g396128a36d (webtiles) character file.

Game seed: 2020323459020858137

2000 Logoto the Cudgeller (level 9, -4/75 HPs)
             Began as a Hill Orc Fighter on Mar 11, 2024.
             Was an Initiate of Beogh.
             Slain by a hornet (12 damage)
             ... on level 9 of the Dungeon.
             The game lasted 00:15:56 (4868 turns).

Logoto the Cudgeller (Hill Orc Fighter)             Turns: 4868, Time: 00:15:56

Health: -4/75      AC: 15    Str: 23    XL:     9   Next: 22%
Magic:  9/9        EV: 10    Int:  8    God:    Beogh [......]
Gold:   266        SH:  5    Dex: 10    Spells: 8/8 levels left

rFire   . . .        s - +4 war axe
rCold   . . .        c - +0 buckler
rNeg    . . .        b - +0 scale mail
rPois   .            (no helmet)
rElec   .            (no cloak)
rCorr   .            (no gloves)
SInv    .            (no boots)
Will    .....        (no amulet) Stlth
                     t - +4 ring of protection
HPRegen 0.32/turn    L - +4 ring of protection
MPRegen 0.11/turn

%: no passive effects
@: mighty, slowed, very slow
A: no striking features
a: Renounce Religion


You were on level 9 of the Dungeon.
You worshipped Beogh.
Beogh was noncommittal.
You visited 1 branch of the dungeon, and saw 8 of its levels.

You collected 266 gold pieces.

Inventory:

Hand Weapons
 a - a +0 war axe
 n - a +0 whip of electrocution
 s - a +4 war axe (weapon)
 y - a +1 hand axe of flaming
 z - a +2 short sword of holy wrath
 B - the +9 mace of Focus {venom, Dex+4}
   (You found it on level 4 of the Dungeon)

   Dex+4:     It affects your dexterity (+4).
 K - a +5 long sword
Missiles
 f - 23 poisoned darts (quivered)
 E - 6 atropa-tipped darts
Armour
 b - a +0 scale mail (worn)
 c - a +0 buckler (worn)
Jewellery
 r - a +6 ring of intelligence
 t - a +4 ring of protection (left hand)
 L - a +4 ring of protection (right hand)
Wands
 w - a wand of digging (7)
 C - a wand of flame (11)
 H - a wand of iceblast (5)
Scrolls
 h - 3 scrolls of enchant armour {unknown}
 i - a scroll of acquirement {unknown}
 j - 6 scrolls of identify {unknown}
 l - 5 scrolls of poison {unknown}
 o - a scroll of vulnerability {unknown}
 p - 2 scrolls of fog {unknown}
 q - a scroll of immolation {unknown}
 u - a scroll of fear {unknown}
 A - a scroll of brand weapon {unknown}
 D - 2 scrolls of enchant weapon {unknown}
 I - 3 scrolls of revelation {unknown}
 M - 2 scrolls of blinking {unknown}
 N - a scroll of teleportation {unknown}
Potions
 e - a potion of resistance {unknown}
 g - a potion of degeneration {unknown}
 k - 4 potions of curing
 m - a potion of attraction {unknown}
 v - a potion of haste {unknown}
 x - a potion of ambrosia {unknown}
 F - a potion of lignification {unknown}
 G - a potion of berserk rage {unknown}
 J - a potion of heal wounds {unknown}


   Skills:
 + Level 6.2 Fighting
 + Level 5.7(8.1) Axes
 + Level 7.5(8.1) Maces & Flails
 + Level 1.0 Throwing
 + Level 6.8 Armour
 + Level 2.0 Dodging
 + Level 0.3 Stealth
 + Level 5.4 Shields


You had 8 spell levels left.
You didn't know any spells.
Your spell library contained the following spells:

 Spells                   Type           Power      Damage    Failure   Level
 Cigotuvi's Dreadful Rot  Necr/Alch/Air  0%         N/A       88%         2
 Ensorcelled Hibernation  Hex/Ice        0%         N/A       88%         2
 Dazzling Flash           Conj/Hex       0%         N/A       98%         3
 Passwall                 Erth           0%         N/A       98%         3
 Swiftness                Air            0%         N/A       98%         3
 Cause Fear               Hex            0%         N/A       100%        4
 Dispel Undead            Necr           0%         3d6       100%        4
 Leda's Liquefaction      Alch/Erth      0%         N/A       100%        4
 Martyr's Knell           Necr/Summ      0%         N/A       100%        4
 Death Channel            Necr           0%         N/A       100%        6


Dungeon Overview and Level Annotations

Branches:
Dungeon (9/15)
 Temple: D:4-7         Lair: D:8-11         Orc: D:9-12

Altars:
Ru
Wu Jian
Xom

Shops:
D:4 =


Message History

It was a potion of curing.
You feel better.
You feel yourself speed up.
The hornet stings you but does no damage.
The howler monkey hoots and howls with incredible vigour!
The hornet stings you but does no damage.
You hear a howl!
The hornet attacks as it pursues you! The hornet stings you!
You are poisoned.
You suddenly lose the ability to move!
The hornet stings you but does no damage.
You can move again.
You feel very sick.
You feel very sick. The hornet stings you.
You are more poisoned.
You feel yourself slow down.
You feel extremely sick. The hornet stings you.
* * * LOW HITPOINT WARNING * * *
You feel as though you will be slow longer.
The howler monkey hoots and howls with incredible vigour!
* * * LOW HITPOINT WARNING * * *
You feel very sick. You block the hornet's attack.
There is an open door here.
You feel very sick. The hornet barely misses you.
The howler monkey hoots and howls with incredible vigour!
You block the hornet's attack. The howler monkey hits you.
* * * LOW HITPOINT WARNING * * *
The howler monkey hoots and howls with incredible vigour!
The hornet stings you.
* * * LOW HITPOINT WARNING * * *
You feel as though you will be slow longer.
You hear a howl!
Unknown command.
You feel better.
The howler monkey hoots and howls with incredible vigour!
The hornet stings you!
You die...

# #.......# # #.......# #
#.......# #######+####
#.......#
...........#######......#
........#..#.....#......#
........#..#.....#......#
...........#...h.#......#
...........#...h@#......#
######....)'...hy'.)....#
.>...#.....#.....#......#
.....#....)#.....#......#
.....#.....#.....#......#
.....#.....#.....#..##..#
....hh.....#######... ..#
.....#####'# ..... .#
...y. ...# ...## .#


You could see a hornet and 3 howler monkeys.

Vanquished Creatures
  A boulder beetle (D:8)
  A water moccasin (D:9)
  A black bear (D:4)
  An orc warrior (D:9)
  A centaur (D:9)
  An ogre (D:5)
  2 kobold brigands
  A scorpion (D:5)
  6 wights
  3 bombardier beetles
  A hound (D:4)
  An orc priest (D:9)
  3 iguanas
  An orc wizard (D:5)
  9 adders
  A white imp (D:5)
  3 dart slugs
  2 ribbon worms
  19 orcs
  7 endoplasms
  3 giant cockroaches
  6 goblins
  12 hobgoblins
  2 jackals (D:2)
  6 kobolds
  3 quokkas
  8 ball pythons
  7 bats
  5 frilled lizards
  4 rats
121 creatures vanquished.

Notes
Turn   | Place    | Note
-------+----------+-------------------------------------------
     0 | D:1      | Logoto the Hill Orc Fighter began the quest for the Orb.
     0 | D:1      | Reached XP level 1. HP: 19/19 MP: 1/1
    86 | D:1      | Reached XP level 2. HP: 22/27 MP: 2/2
   188 | D:1      | Found a faded altar of an unknown god.
   472 | D:1      | Reached XP level 3. HP: 33/33 MP: 3/3
  1024 | D:2      | Reached XP level 4. HP: 38/40 MP: 4/4
  1181 | D:2      | Found a sacrificial altar of Ru.
  1735 | D:3      | Reached skill level 1 in Maces & Flails
  1735 | D:3      | Reached XP level 5. HP: 40/46 MP: 5/5
  2474 | D:3      | Reached skill level 2 in Maces & Flails
  2601 | D:4      | Found Ratanwi's Jewellery Emporium.
  2700 | D:4      | Reached skill level 1 in Dodging
  2739 | D:4      | Noticed a black bear
  2767 | D:4      | Killed a black bear
  2768 | D:4      | Reached XP level 6. HP: 53/53 MP: 6/6
  2797 | D:4      | Identified the +9 mace of Focus {venom, Dex+4}
  3142 | D:5      | Entered Level 5 of the Dungeon
  3389 | D:5      | Reached skill level 3 in Maces & Flails
  3418 | D:5      | Reached XP level 7. HP: 60/60 MP: 7/7
  3483 | D:5      | Reached skill level 5 in Axes
  3833 | D:5      | Found an ornate altar of the Wu Jian Council.
  3861 | D:5      | Got Ilen's Spellbook of Beguiling Spelunking
  3922 | D:5      | Reached skill level 4 in Maces & Flails
  3961 | D:5      | Found a shimmering altar of Xom.
  3965 | D:5      | Reached skill level 5 in Fighting
  3965 | D:5      | Reached skill level 5 in Armour
  4030 | D:6      | You fall into a shaft and drop 3 floors!
  4059 | D:8      | Noticed a boulder beetle
  4084 | D:8      | Killed a boulder beetle
  4085 | D:8      | Reached skill level 6 in Maces & Flails
  4085 | D:8      | Reached XP level 8. HP: 45/70 MP: 8/8
  4272 | D:9      | Reached skill level 5 in Shields
  4277 | D:9      | Reached skill level 7 in Maces & Flails
  4279 | D:9      | Reached XP level 9. HP: 16/75 MP: 9/9
  4475 | D:9      | Became a worshipper of Beogh the Brigand
  4700 | D:9      | Reached skill level 1 in Throwing
  4839 | D:9      | Noticed a hornet
  4854 | D:9      | Paralysed by a hornet for 3 turns
  4862 | D:9      | Paralysed by a hornet for 1 turns
  4867 | D:9      | HP: 1/75 [hornet (4)]
  4868 | D:9      | Slain by a hornet

Illustrated notes

Levels and vault maps discovered:
D:1:      saegor_arrival_simple_d, layout_basic,
          shapermc_ecumenical_altar_totnotflames, minmay_tetromino_o4
D:2:      layout_rooms, basic_altar
D:3:      layout_loops_ring, grunt_ministairs_13
D:4:      layout_basic, serial_shops, nicolae_shop_gaudy_bauble,
          minmay_misc_feat_secret_circle
D:5:      layout_rooms, regret_index_xom_buried_treasure,
          nzn_wu_jian_contemplation, minmay_crystal_room
D:6:      kennysheep_six_static_rooms, layout_basic, minmay_lizard_king
D:8:      layout_loops_cross, slow_altar_2, kennysheep_island_fort, uniq_erica
D:9:      layout_stronghold

Skill      XL: |  1  2  3  4  5  6  7  8  9 |
---------------+----------------------------+-----
Axes           | 3 4 5 |  5.7
Fighting       | 4 5 6 |  6.2
Maces & Flails | 1 2 3 6 7 |  7.5
Armour         | 4 5 6 |  6.8
Shields        | 4 5 |  5.4
Dodging        | 1 2 |  2.0
Throwing       | 1 |  1.0
Stealth        | |  0.3

Action                     |  1- 3 |  4- 6 |  7- 9 || total
---------------------------+-------+-------+-------++-------
  Melee: War axe           |    83 |       |    42 ||   125
         Whip              |    14 |   122 |       ||   136
         Hand axe          |       |    18 |       ||    18
         Mace              |       |    32 |    54 ||    86
  Throw: Dart              |       |     4 |     2 ||     6
 Invoke: Convert to Beogh  |       |       |     1 ||     1
    Use: Potion            |       |       |     4 ||     4
 Armour: Scale mail        |    76 |   107 |    86 ||   269
  Dodge: Dodged            |    66 |    76 |    63 ||   205
  Block: Buckler           |    21 |    42 |    26 ||    89
